 Dungeon Crawl Stone Soup version 0.30-a0-377-g5cb311bc9f (webtiles) character file.

Game seed: 3442957859740548731

1388 qeuew the Shield-Bearer (level 9, -7/68 HPs)
             Began as a Formicid Fighter on Nov 28, 2022.
             Was a Follower of the Shining One.
             Mangled by a wyvern (9 damage)
             ... on level 6 of the Dungeon.
             The game lasted 00:06:01 (5798 turns).

qeuew the Shield-Bearer (Formicid Fighter)          Turns: 5798, Time: 00:06:02

Health: -7/68      AC:  7    Str: 24    XL:     9   Next: 0%
Magic:  13/13      EV: 11    Int:  7    God:    the Shining One [*.....]
Gold:   372        SH:  6    Dex: 15    Spells: 8/8 levels left

rFire   . . .      SeeInvis +    a - +0 war axe
rCold   . . .      Faith    .    c - +0 buckler
rNeg    . . .      Spirit   .    b - +0 scale mail
rPois   .          Reflect  .    (helmet unavailable)
rElec   .          Harm     .    (no cloak)
rCorr   .          Rampage  .    (no gloves)
Will    .....                    (no boots)
Stlth   ..........               (no amulet)
HPRegen 0.31/turn                (no ring)
MPRegen 0.13/turn                (no ring)

@: glowing
A: permanent stasis, dig shafts and tunnels, antennae 3, four strong arms
a: Dig, Shaft Self, Renounce Religion, Divine Shield


You were on level 6 of the Dungeon.
You worshipped the Shining One.
The Shining One was aware of your devotion.
You visited 1 branch of the dungeon, and saw 6 of its levels.

You collected 372 gold pieces.

Inventory:

Hand Weapons
 a - a +0 war axe (weapon)
Armour
 b - a +0 scale mail (worn)
 c - a +0 buckler (worn)
Wands
 f - a wand of acid (18)
Scrolls
 e - a scroll of teleportation {unknown}
 g - a scroll of fear
Potions
 d - a potion of might
 h - a potion of ambrosia {unknown}
 i - a potion of curing
 j - 3 potions of flight
 k - a potion of magic


   Skills:
 + Level 5.3 Fighting
 + Level 4.1 Axes
 + Level 5.2 Armour
 + Level 3.1 Dodging
 + Level 6.3 Shields
 * Level 5.8 Invocations
 + Level 3.3 Evocations


You had 8 spell levels left.
You didn't know any spells.
Your spell library contained the following spells:

 Spells                   Type           Power      Damage    Failure   Level
 Freeze                   Ice            0%         1d3       78%         1
 Slow                     Hex            0%         N/A       78%         1
 Sting                    Tmut/Pois      0%         1d3       78%         1
 Momentum Strike          Conj/Tloc      0%         3d8       89%         2
 Sublimation of Blood     Necr           0%         N/A       89%         2
 Call Canine Familiar     Summ           0%         N/A       98%         3
 Confusing Touch          Hex            0%         N/A       98%         3
 Frozen Ramparts          Ice            0%         1d1       98%         3
 Hailstorm                Conj/Ice       0%         3d3       98%         3
 Ignite Poison            Fire/Tmut/Pois 0%         N/A       98%         3
 Kindle Blastsparks       Fire/Tloc/Air  0%         2d10      98%         3
 Portal Projectile        Hex/Tloc       0%         N/A       98%         3
 Tukima's Dance           Hex            0%         N/A       98%         3
 Vampiric Draining        Necr           0%         2d6       98%         3
 Anguish                  Hex/Necr       0%         N/A       100%        4
 Leda's Liquefaction      Hex/Erth       0%         N/A       100%        4
 Passage of Golubria      Tloc           0%         N/A       100%        4
 Petrify                  Tmut/Erth      0%         N/A       100%        4
 Freezing Cloud           Conj/Ice/Air   0%         6-21      100%        5
 Irradiate                Conj/Tmut      0%         3d11      100%        5
 Yara's Violent Unravell  Hex/Tmut       0%         3d3       100%        5
 Death Channel            Necr           0%         N/A       100%        6
 Enfeeble                 Hex            0%         N/A       100%        7


Dungeon Overview and Level Annotations

Branches:
Dungeon (6/15)             Temple (0/1) D:6

Altars:
Ashenzari
Elyvilon
Kikubaaqudgha
Qazlal
Ru
Sif Muna
Uskayaw
Vehumet
The Shining One

Shops:
D:1 (


Innate Abilities, Weirdness & Mutations

You cannot be hasted, slowed, berserked, paralysed or teleported.
You can dig through walls and to a lower floor.
You have a pair of large antennae on your head. (SInv)
Your four strong arms can wield two-handed weapons with a shield.


Message History

Found a ring mail.
You see here a staff of cold.
No target in view!
Items here: )) [[.
Things that are here:
a +0 short sword; a +0 robe Key pressed, stopping explore.
h - a sapphire potion You open the large door.
Found a ring mail.
A wyvern and a wight come into view.
The wyvern hisses angrily.
There is a large open door here.
There are monsters nearby!
There are monsters nearby!
Found 6 javelins and 9 gold pieces.
A sky beast comes into view.
Found 2 potions of curing.
The sky beast flickers out of sight for a moment.
You hit the wyvern but do no damage. The wyvern bites you!
The wyvern bites you.
You slash the wyvern!
The wyvern is heavily wounded.
You slash the wight! The wyvern bites you! The wyvern bites you.
The wight hits you but does no damage.
You slash the wight!
You destroy the wight!
The Shining One accepts your kill.
You hit the wyvern. The wyvern bites you. The wyvern bites you!
* * * LOW HITPOINT WARNING * * *
You have reached level 9!
Your experience leads to an increase in your attributes!
Increase (S)trength, (I)ntelligence, or (D)exterity?
You feel stronger. x2
You hit the wyvern but do no damage.
The wyvern is heavily wounded.
You hit the sky beast but do no damage. The wyvern bites you!
* * * LOW HITPOINT WARNING * * *
The wyvern bites you!
You die...

#.#.......#.#
#.#.......#.#
#.##.....##.#
..####.####.#
............#######
#....###..........#
##.###
#########''######
#.# ........[......
##.#
.......@.......
.#.#
..♣♣♣♣)lY.♣♣♣♣.
.#.###### ♣....♣
.#...>..# ♣....♣
.#..##### ♣.~..♣
.#..##### ......
....##..# ..($...
..#.##.## ...!!....
..#.##.##


You could see a wyvern and a sky beast.

Vanquished Creatures
  A water moccasin (D:6)
  A black bear (D:6)
  An ogre (D:5)
  A phantom (D:5)
  2 necrophages
  A scorpion (D:6)
  6 wights (D:6)
  2 hounds
  2 jellies
  An orc priest (D:3)
  3 iguanas
  An orc wizard (D:4)
  10 adders
  2 ufetubi
  A worm (D:2)
  2 dart slugs
  14 orcs
  7 ball pythons
  8 endoplasms
  5 giant cockroaches
  7 goblins
  6 hobgoblins
  8 jackals
  4 kobolds
  3 quokkas
  A bat (D:2)
  10 frilled lizards
  8 rats
118 creatures vanquished.

Notes
Turn   | Place    | Note
-------+----------+-------------------------------------------
     0 | D:1      | qeuew the Formicid Fighter began the quest for the Orb.
     0 | D:1      | Reached XP level 1. HP: 18/18 MP: 1/1
   125 | D:1      | Found Igrauc's Weapon Emporium.
   135 | D:1      | Reached XP level 2. HP: 22/24 MP: 2/2
   210 | D:1      | Reached XP level 3. HP: 29/29 MP: 3/3
   799 | D:2      | Found a white marble altar of Elyvilon.
   830 | D:2      | Became a worshipper of Elyvilon the Healer
   868 | D:2      | Reached skill level 1 in Dodging
   933 | D:2      | Reached XP level 4. HP: 37/37 MP: 4/4
  1062 | D:2      | Reached skill level 1 in Invocations
  1429 | D:3      | Reached * piety under Elyvilon
  1533 | D:3      | Found a faded altar of an unknown god.
  1568 | D:3      | Found a sacrificial altar of Ru.
  1637 | D:3      | Reached XP level 5. HP: 36/42 MP: 6/6
  2032 | D:3      | Reached skill level 1 in Evocations
  2424 | D:4      | Found a broken altar of Ashenzari.
  2449 | D:4      | Found a white marble altar of Elyvilon.
  2511 | D:4      | Reached ** piety under Elyvilon
  2553 | D:4      | Reached XP level 6. HP: 9/48 MP: 7/7
  2758 | D:4      | Reached skill level 5 in Shields
  2931 | D:4      | HP: 2/48 [orc wizard/+0 dagger (1)]
  3131 | D:4      | You fall into a shaft and drop 2 floors!
  3140 | D:6      | Found a shimmering blue altar of Sif Muna.
  3140 | D:6      | Found an ancient bone altar of Kikubaaqudgha.
  3142 | D:6      | Found a radiant altar of Vehumet.
  3147 | D:6      | Got Sif Muna's Spellbook of Shaping
  3180 | D:6      | Found a staircase to the Ecumenical Temple.
  3199 | D:5      | Entered Level 5 of the Dungeon
  3210 | D:5      | Reached XP level 7. HP: 49/54 MP: 9/9
  3582 | D:5      | Got the Anthology of Evil Attacks
  4594 | D:6      | Reached XP level 8. HP: 8/61 MP: 8/11
  4595 | D:6      | HP: 3/61 [black bear (2)]
  4596 | D:6      | HP: 1/61 [black bear (3)]
  4837 | D:6      | Found a hide-covered altar of Uskayaw.
  5076 | D:6      | Reached skill level 5 in Fighting
  5076 | D:6      | Reached skill level 5 in Invocations
  5103 | D:6      | Reached skill level 6 in Shields
  5221 | D:6      | Reached *** piety under Elyvilon
  5226 | D:6      | Found a glowing golden altar of the Shining One.
  5239 | D:6      | Reached skill level 5 in Armour
  5260 | D:6      | Elyvilon protects you from harm!
  5263 | D:6      | Fell from the grace of Elyvilon
  5263 | D:6      | Became a worshipper of the Shining One
  5263 | D:6      | Reached * piety under the Shining One
  5508 | D:6      | Found a stormy altar of Qazlal.
  5792 | D:6      | Noticed a wyvern
  5798 | D:6      | Reached XP level 9. HP: 18/68 MP: 13/13
  5798 | D:6      | HP: 2/68 [wyvern (17)]
  5798 | D:6      | Mangled by a wyvern

Illustrated notes

Levels and vault maps discovered:
D:1:      shiori_arrival_maze, layout_loops_ring, serial_shops, shop,
          minmay_lizard_pond
D:2:      layout_rooms, basic_altar, minmay_fractal_squares_gapless_5
D:3:      layout_basic, nicolae_ru_path_of_blood,
          shapermc_ecumenical_altar_flowoftime
D:4:      layout_loops_ring, mainiacjoe_overflow_brackets,
          ashenzari_conservatory_becter
D:5:      layout_basic
D:6:      layout_loops_cross, grunt_temple_overflow_magic_moments,
          mainiacjoe_overflow_small_starburst, old_standard_altar,
          lemuel_round_altar, minmay_temple_entry_wispy, kennysheep_dice

Skill      XL: |  1  2  3  4  5  6  7  8 |
---------------+-------------------------+-----
Dodging        | 1 2 3 |  3.1
Invocations    | 1 2 3 4 5 |  5.8
Fighting       | 4 5 |  5.3
Evocations     | 1 2 3 |  3.3
Armour         | 4 5 |  5.2
Shields        | 5 6 |  6.3
Axes           | 3 4 |  4.1

Action                   |  1- 3 |  4- 6 |  7- 9 || total
-------------------------+-------+-------+-------++-------
Melee: War axe           |    73 |   157 |   158 ||   388
Invok: Purification      |       |       |     1 ||     1
       Heal Other        |       |       |     1 ||     1
 Abil: Dig               |     2 |       |       ||     2
  Use: Scroll            |     3 |     1 |     3 ||     7
       Potion            |     2 |     2 |     3 ||     7
Armor: Scale mail        |    42 |    60 |    72 ||   174
Dodge: Dodged            |    31 |    76 |   119 ||   226
Block: Buckler           |    27 |    54 |    66 ||   147

Table legend: (Time is in decaauts)
 A = Elapsed time spent in this place.
 B = Non-inter-level travel time spent in this place.
 C = Inter-level travel time spent in this place.
 D = Time resting spent in this place.
 E = Time spent auto-exploring this place.
 F = Levels seen in this place.
 G = Mean time per level.
                   A        B        C        D        E       F      G
               +--------+--------+--------+--------+--------+-----+--------+
         Total |   5948 |   5780 |    168 |    299 |   4536 |   6 |  991.3 |
       Dungeon |   5948 |   5780 |    168 |    299 |   4536 |   6 |  991.3 |
               +--------+--------+--------+--------+--------+-----+--------+

Top non-repeatable levels by time:
     D:5: 1338 daAuts
     D:6: 1110 daAuts
     D:3: 1104 daAuts
     D:4: 1085 daAuts
     D:1: 804 daAuts
     D:2: 503 daAuts
